AoeStats
← CanallaVillano

MegaRandom

509968318Analyzed
3v3 RM · 3d ago on Sep 28, 2026· 105m 2s· 6 players
Game mode
Random Map
Map size
Normal (6 player)
Population
200
Speed
Normal
Resources
Standard
Victory
Conquest
Starting age
Dark Age
Ending age
Imperial Age
RankedLock teamsTeams togetherTeam positionsShared explorationLock speedFull tech treeHidden civsTurbo modeCheats
Victory
Defeat
🇻🇪 Mongols · Venezuela
437
+19
🇸🇰 Burgundians · Slovakia
407
+21
🇪🇸 Persians · Spain
314
+24
🇪🇸 Teutons · Spain
560
-23
🇨🇦 Persians · Canada
541
-23
🇨🇱 Chinese · Chile
423
-18
CarlosJesus2904
11:30 Feudal Age
12:14 Double-Bit Axe
19:33 Fishing Lines
22:17 Gold Mining
22:14 Horse Collar
27:25 Castle Age
25:25 Stone Mining
28:44 Fletching
28:55 Padded Archer Armor
29:13 Forging
29:11 Scale Barding Armor
32:35 Gold Shaft Mining
32:36 Stone Shaft Mining
34:38 Fervor
35:16 Ballistics
34:53 Murder Holes
36:11 Masonry
35:38 Crossbowman
36:24 Thumb Ring
37:29 Caravan
40:12 Imperial Age
40:50 Wheelbarrow
40:00 Town Watch
40:12 Gillnets
41:04 Bow Saw
41:40 Bodkin Arrow
42:01 Leather Archer Armor
42:22 Iron Casting
42:08 Chain Barding Armor
42:14 Hand Cart
41:59 Town Patrol
42:30 Heavy Plow
43:54 Chemistry
43:45 Conscription
43:52 Drill
43:52 Cavalier
44:34 Husbandry
44:45 Bloodlines
45:06 Bracer
46:09 Blast Furnace
45:10 Arbalester
45:11 Heavy Cavalry Archer
45:20 Heavy Cavalry Archer
46:25 Parthian Tactics
48:26 Siege Engineers
55:29 Guard Tower
58:50 Nomads
64:33 Loom
83:59 Medium Warships
90:58 Pikeman
91:38 Squires
91:24 Arson
p.drahos71
1:28 Loom
12:23 Feudal Age
11:37 Double-Bit Axe
13:09 Wheelbarrow
12:28 Horse Collar
13:01 Town Watch
14:18 Heavy Plow
16:22 Fishing Lines
17:40 Bow Saw
22:26 Castle Age
20:31 Gold Mining
20:52 Gillnets
21:31 Fletching
22:06 Arson
23:16 Hand Cart
23:23 Stone Mining
24:38 Squires
25:52 Crop Rotation
27:00 Forging
27:24 Man-at-Arms
28:48 Stone Shaft Mining
29:16 Bodkin Arrow
30:14 Caravan
32:12 Two-Man Saw
31:57 Gold Shaft Mining
33:35 Treadmill Crane
34:59 Iron Casting
34:23 Long Swordsman
35:44 Scale Mail Armor
36:48 Padded Archer Armor
37:30 Coinage
38:05 Burgundian Vineyards
41:58 Imperial Age
40:35 Demolition Ship
41:27 Medium Warships
40:40 Pikeman
41:30 Scale Barding Armor
41:41 Leather Archer Armor
41:43 Chain Mail Armor
42:30 Murder Holes
42:56 Ballistics
42:48 Fortified Wall
42:46 Siphons
42:27 Arrowslits
43:44 Chemistry
43:25 Heavy Warships
44:15 Blast Furnace
44:20 Banking
43:27 Two-Handed Swordsman
44:45 Hoardings
44:32 Conscription
44:40 Town Patrol
45:10 Bracer
47:36 Plate Mail Armor
48:03 Chain Barding Armor
48:26 Champion
48:39 Elite Cannon Galleon
50:53 Incendiaries
52:58 Plate Barding Armor
51:45 Elite Coustillier
52:04 Crossbowman
52:07 Elite Skirmisher
57:02 Onager
68:03 Masonry
77:18 Husbandry
77:36 Cavalier
sstylevines
4:02 Loom
22:36 Feudal Age
24:41 Wheelbarrow
23:49 Horse Collar
23:56 Double-Bit Axe
34:34 Castle Age
33:05 Forging
32:46 Fletching
32:57 Padded Archer Armor
32:57 Scale Mail Armor
33:03 Scale Barding Armor
35:03 Caravan
35:36 Coinage
36:23 Gold Mining
36:24 Stone Mining
37:03 Hand Cart
37:31 Iron Casting
40:09 Stone Shaft Mining
40:12 Gold Shaft Mining
43:23 Leather Archer Armor
43:06 Bodkin Arrow
43:27 Chain Mail Armor
43:32 Chain Barding Armor
54:44 Heavy Plow
61:33 Imperial Age
61:14 Heavy Scorpion
65:21 Blast Furnace
69:09 Guilds
69:34 Banking
68:31 Elite War Elephant
88:23 Crop Rotation
88:06 Bow Saw
103:05 Two-Man Saw
102:41 Plate Mail Armor
102:47 Plate Barding Armor
102:42 Ring Archer Armor
thvmbn
1:20 Loom
11:07 Feudal Age
12:26 Double-Bit Axe
12:24 Horse Collar
23:32 Castle Age
25:29 Gold Mining
25:41 Heavy Plow
25:36 Stone Mining
25:59 Bow Saw
29:07 Scale Mail Armor
29:18 Forging
29:13 Scale Barding Armor
29:51 Bloodlines
29:41 Husbandry
29:23 Man-at-Arms
29:51 Arson
30:07 Squires
40:23 Imperial Age
38:50 Kamandaran
40:22 Cavalier
41:34 Town Watch
42:27 Wheelbarrow
48:35 Iron Casting
48:20 Chain Barding Armor
47:37 Cavalier
48:14 Fletching
48:24 Padded Archer Armor
48:40 Chain Mail Armor
49:13 Savar
51:00 Blast Furnace
50:16 Thumb Ring
53:38 Plate Barding Armor
53:53 Caravan
55:39 Chemistry
58:11 Two-Man Saw
57:44 Crop Rotation
58:45 Crossbowman
62:02 Plate Mail Armor
61:47 Leather Archer Armor
61:28 Bodkin Arrow
64:28 Elite War Elephant
80:32 Pikeman
CanallaVillano
0:33 Loom
11:42 Feudal Age
12:34 Horse Collar
18:06 Double-Bit Axe
23:20 Wheelbarrow
25:28 Castle Age
26:31 Town Watch
28:41 Squires
29:17 Bow Saw
29:10 Heavy Plow
32:19 Imperial Age
32:36 Fortified Wall
32:46 Ballistics
32:42 Scale Mail Armor
32:33 Fletching
32:53 Forging
32:56 Caravan
34:24 Conscription
34:49 Crop Rotation
38:01 Chain Mail Armor
37:43 Bodkin Arrow
39:52 Hand Cart
40:47 Two-Man Saw
43:01 Chemistry
42:26 Masonry
42:06 Arson
42:07 Gambesons
45:13 Town Patrol
49:59 Elite Skirmisher
53:44 Elite Teutonic Knight
55:36 Padded Archer Armor
56:07 Plate Mail Armor
56:13 Iron Casting
57:43 Leather Archer Armor
58:11 Medium Warships
58:05 Onager
59:56 Crenellations
63:07 Pikeman
Rob Esponja
12:19 Feudal Age
14:33 Double-Bit Axe
15:50 Horse Collar
16:57 Wheelbarrow
27:51 Castle Age
26:32 Fishing Lines
27:10 Forging
26:51 Fletching
27:05 Padded Archer Armor
27:55 Gold Mining
27:55 Stone Mining
30:08 Hand Cart
32:51 Gold Shaft Mining
32:52 Stone Shaft Mining
32:30 Bow Saw
32:23 Heavy Plow
33:20 Medium Warships
39:42 Ballistics
39:34 Masonry
39:17 Heated Shot
39:34 Siphons
40:48 Fortified Wall
43:22 Imperial Age
41:39 Iron Casting
41:00 Bodkin Arrow
41:21 Leather Archer Armor
41:25 Great Wall
47:41 Blast Furnace
46:42 Bracer
47:12 Ring Archer Armor
46:49 Scale Barding Armor
47:53 Chemistry
47:24 Architecture
48:17 Husbandry
47:37 Cavalier
48:32 Bloodlines
47:43 Light Cavalry
51:00 Elite Chu Ko Nu
51:54 Town Watch
51:55 Loom
59:52 Town Patrol
62:35 Heavy Warships
63:47 Pikeman
64:27 Squires
Connection lost

Rejoining the realm…

Still unreachable

The connection could not be restored.

Session expired

The server has moved on; the page needs a fresh start.